 Dungeon Crawl Stone Soup version 0.23.2-1-ga50397a6bc (webtiles) character file.

Game seed: 3441773770119857856

78988 Kobolds4U the Severer (level 15, 0/132 HPs)
             Began as a Minotaur Fighter on Apr 25, 2019.
             Was the Champion of Qazlal.
             Killed by drain life
             ... invoked by a soul eater
             ... summoned by an orc high priest
              (19 damage)
             ... on level 2 of the Orcish Mines.
             The game lasted 01:10:35 (21036 turns).

Kobolds4U the Severer (Minotaur Fighter)           Turns: 21036, Time: 01:10:35

Health: 0/132      AC: 24    Str: 22    XL:     15   Next: 19%
Magic:  0/24       EV: 14    Int:  7    God:    Qazlal [******]
Gold:   2420       SH:  8    Dex: 18    Spells: 14/14 levels left

rFire    . . .     SeeInvis +   J - +6 battleaxe (flame)
rCold    . . .     Gourm    .   (shield currently unavailable)
rNeg     . . .     Faith    .   l - +0 plate armour
rPois    .         Spirit   +   i - +0 hat
rElec    .         Reflect  .   c - +0 cloak
rCorr    .         Harm     .   p - +0 pair of gloves
MR       ++...                  D - +1 pair of boots
Stlth    ..........             s - amulet of guardian spirit
HPRegen  0.32/turn              F - ring "Toufoob" {MR+ Dex+5 SInv Stlth-}
MPRegen  0.19/turn              I - +3 ring of slaying

@: protected from physical damage, repel missiles
A: retaliatory headbutt, horns 2
a: Upheaval, Elemental Force, Disaster Area, Renounce Religion


You were on level 2 of the Orcish Mines.
You worshipped Qazlal.
Qazlal was exalted by your worship.
You were hungry.

You visited 4 branches of the dungeon, and saw 24 of its levels.
You also visited: Ossuary.

You collected 2595 gold pieces.
You spent 175 gold pieces at shops.

Inventory:

Hand Weapons
 B - the +5 battleaxe of Fundamental Breach {vamp, rC+ rN+ Stlth+}
   (You took it off a skeletal warrior on level 11 of the Dungeon)

   It inflicts no extra harm, but heals its wielder when it wounds a living foe.
   It protects you from cold.
   It protects you from negative energy.
   It makes you more stealthy.
 J - a +6 battleaxe of flaming (weapon)
 K - a +0 battleaxe
 V - a +0 arbalest
Missiles
 O - 11 tomahawks of dispersal (quivered)
 Z - 54 bolts
Armour
 c - a +0 cloak (worn)
 i - a +0 hat (worn)
 l - a +0 plate armour (worn)
 p - a +0 pair of gloves (worn)
 D - a +1 pair of boots (worn)
Jewellery
 e - an uncursed ring of ice
 k - a +6 ring of evasion
 m - the ring "Qoavuhask" {+Fly Str+4}
   (You found it on level 3 of the Lair of Beasts)

   [ring of flight]

   It affects your strength (+4).
   It lets you fly.
 s - an amulet of guardian spirit (around neck)
 y - an uncursed ring of stealth
 F - the ring "Toufoob" (left hand) {MR+ Dex+5 SInv Stlth-}
   (You found it on level 4 of the Dungeon)

   [ring of protection from magic]

   It affects your dexterity (+5).
   It affects your resistance to hostile enchantments.
   It lets you see invisible.
   It makes you less stealthy.
 I - a +3 ring of slaying (right hand)
 L - an uncursed ring of poison resistance
 M - a +3 ring of dexterity
Wands
 b - a wand of paralysis (5)
 g - a wand of clouds (17)
 C - a wand of enslavement (28)
 E - a wand of disintegration (46)
 Q - a wand of iceblast (2)
 R - a wand of flame (43)
 S - a wand of acid (9)
 W - a wand of digging (4)
Scrolls
 a - a scroll of summoning
 h - 4 scrolls of immolation
 j - 11 scrolls of identify
 o - 12 scrolls of teleportation
 q - 5 scrolls of amnesia
 t - 11 scrolls of remove curse
 G - 2 scrolls of silence
 H - 3 scrolls of fog
 N - 3 scrolls of fear
 Y - 2 scrolls of blinking
Potions
 d - 7 potions of might
 r - 7 potions of ambrosia
 u - 3 potions of resistance
 w - 2 potions of berserk rage
 x - 3 potions of haste
 z - 9 potions of curing
 A - 8 potions of heal wounds
 P - 2 potions of agility
 T - 2 potions of lignification
 U - 7 potions of flight
Miscellaneous
 n - a lamp of fire
 X - 3 sacks of spiders
Comestibles
 f - 43 rations


   Skills:
 - Level 12.0 Fighting
 + Level 17.7 Axes
 * Level 12.7 Armour
 - Level 11.0 Dodging
   Level 3.6 Shields
 - Level 14.0 Invocations


You had 14 spell levels left.
You didn't know any spells.
Your spell library contained the following spells:

 Spells                   Type           Power        Failure   Level  Hunger
 Song of Slaying          Chrm           #.......     100%        2    ###....
 Leda's Liquefaction      Hex/Erth       #.........   100%        4    #####..
 Iskenderun's Battlesphe  Conj/Chrm      #.......     100%        5    ######.
 Shatter                  Erth           #.........   100%        9    #######


Dungeon Overview and Level Annotations

Branches:
Dungeon (15/15)            Temple (1/1) D:5            Lair (6/6) D:10
  Swamp (0/4) Lair:2       Spider (0/4) Lair:3        Slime (0/5) Lair:6
    Orc (2/2) D:11            Elf (0/3) Orc:2        Vaults (0/5) D:14
 Depths: D:15

Altars:
Ashenzari
Cheibriados
Dithmenos
Elyvilon
Fedhas
Gozag
Hepliaklqana
Kikubaaqudgha
Makhleb
Nemelex Xobeh
Okawaru
Qazlal
Ru
Sif Muna
Trog
Uskayaw
Vehumet
Wu Jian
Xom
Yredelemnul
Zin
The Shining One
Beogh

Shops:
D:6 ?   D:7 [   D:13 :[

Portals:
Trove: D:12 (give horn of Geryon)

Annotations:
D:14 3 runed translucent doors, harness's ghost, journeyman TeMo
Lair:4 1 runed translucent door, Doxtoqo's ghost, journeyman DDFi


Innate Abilities, Weirdness & Mutations

You reflexively headbutt those who attack you in melee.
You have a pair of horns on your head.


Message History

* * * LOW HITPOINT WARNING * * *
The soul eater is healed.
The orc knight no longer looks unusually strong. x2
The orc knight roars a battlecry!
The orc knight goes into a battle-frenzy!
The orc knight roars a battlecry!
The orc knight goes into a battle-frenzy!
The orc wizard closely misses you.
The orc high priest calls upon Beogh to heal the orc knight.
The orc knight is healed somewhat.
Things that are here:
a +0 dagger; a +0 leather armour The orc wizard no longer looks unusually strong.
The orc wizard casts a spell.
The orc wizard blinks!
The orc wizard gestures at you while chanting.
The magic dart hits you but does no damage.
You feel more protected from physical attacks.
The soul eater draws from the surrounding life force!
You die...

#8..o8# ......#...# #...o4#
..#....#..# #...o.###
.......#... ........#o.#### #
##......). .........†3.#.##
##.#.#......(
..........))§.○.####......#...((
#.#..............##.............
##.........°.○°.☼.##.#.#........
##.#......°○..@..#####.#...<...
##....#....#.#☼...##..........
##...##.#####o.<.............
##. ## #................ #
#................
##................
##.................
#..................
##.................


You could see 2 orc knights, a soul eater, an orc high priest, an ice devil and
an orc wizard.

Vanquished Creatures
  An orc warlord (Orc:2)
  Snorg (D:11)
  Josephine (D:10)
  4 vault guards (D:14)
  10 hydras
  3 catoblepae
  3 centaur warriors
  4 death yaks (Lair:4)
  A queen ant (Lair:3)
  3 two-headed ogres
  An orc high priest (Orc:2)
  6 skeletal warriors
  5 unseen horrors
  2 orc knights
  A lindwurm (Lair:6)
  A cyclops (D:12)
  3 orc sorcerers
  3 ugly things
  4 oklob plants
  3 manticores
  2 deep elf magi
  3 black mambas
  7 spiny frogs
  3 rime drakes
  2 centaur skeletons
  An efreet (D:14)
  2 kobold demonologists
  8 komodo dragons
  A tengu conjurer (D:14)
  3 meliai (D:15)
  8 trolls
  A bog body (Lair:2)
  3 hornets
  12 blink frogs
  A dream sheep (Lair:6)
  5 hippogriffs
  A centaur simulacrum (D:14)
  31 yaks
  2 shadows
  2 wyverns
  6 wraiths
  A hungry ghost (D:7)
  A golden eye (shapeshifter) (D:13)
  8 basilisks
  5 vampire mosquitoes
  Edmund (D:5)
  An acid dragon (D:11)
  8 wargs
  5 soldier ants (Lair:3)
  11 porcupines
  11 water moccasins
  A floating eye (shapeshifter) (D:11)
  6 ice beasts
  45 orc warriors
  11 ogres
  A black bear (Lair:1)
  2 necrophages
  2 sky beasts
  A phantom (D:11)
  An eye of draining (D:14)
  14 wolves
  11 centaurs
  3 big kobolds
  13 crocodiles
  15 bullfrogs
  A wyvern zombie (D:13)
  2 wyvern skeletons
  2 scorpions (D:10)
  11 killer bees
  11 wights
  An electric eel (D:12)
  3 howler monkeys
  10 crimson imps
  2 bullfrog zombies
  4 centaur zombies
  7 jellies
  9 hounds
  29 orc wizards
  A gnoll shaman (D:9)
  22 orc priests
  A bullfrog skeleton (D:9)
  Terence (D:2)
  6 iguanas
  12 hell rats
  30 worker ants
  A killer bee zombie (D:7)
  A big kobold zombie (Ossuary)
  A hound zombie (D:5)
  A hound skeleton (D:9)
  8 mummies (Ossuary)
  A worker ant zombie (D:8)
  16 river rats (Lair:2)
  10 adders
  18 gnolls
  3 shadow imps
  5 oozes
  4 adder zombies
  4 worms
  3 dart slugs
  4 leopard geckos
  86 orcs
  5 bats
  9 giant cockroaches
  3 gnoll zombies (Ossuary)
  11 goblins
  7 hobgoblins
  12 jackals
  17 quokkas
  A ball python (D:4)
  10 frilled lizards
  12 kobolds
  2 kobold zombies (Ossuary)
  2 orc zombies (Ossuary)
  A quokka skeleton (D:5)
  A quokka zombie (D:8)
  18 rats
  3 fungi
  5 plants
792 creatures vanquished.

Vanquished Creatures (collateral kills)
  3 skeletal warriors (D:15)
3 creatures vanquished.

Vanquished Creatures (others)
  2 fungi
  A plant (D:3)
3 creatures vanquished.

Grand Total: 798 creatures vanquished

Notes
Turn   | Place    | Note
-------+----------+-------------------------------------------
     0 | D:1      | Kobolds4U the Minotaur Fighter began the quest for the Orb.
     0 | D:1      | Reached XP level 1. HP: 19/19 MP: 0/0
   339 | D:1      | Reached skill level 3 in Axes
   339 | D:1      | Reached XP level 2. HP: 24/27 MP: 1/1
   540 | D:1      | Reached XP level 3. HP: 33/33 MP: 2/2
   705 | D:2      | Noticed Terence
   717 | D:2      | Killed Terence
   717 | D:2      | Reached XP level 4. HP: 34/41 MP: 3/3
  1177 | D:2      | Reached skill level 5 in Fighting
  1201 | D:2      | Reached skill level 4 in Axes
  1538 | D:3      | Reached skill level 5 in Armour
  1538 | D:3      | Reached XP level 5. HP: 45/48 MP: 4/4
  1659 | D:3      | Found an iron altar of Okawaru.
  1763 | D:3      | Reached skill level 5 in Axes
  2393 | D:4      | Reached XP level 6. HP: 35/56 MP: 3/5
  2845 | D:4      | Got a vibrating glass ring
  2960 | D:5      | Entered Level 5 of the Dungeon
  3056 | D:5      | Reached skill level 6 in Axes
  3061 | D:5      | Found a staircase to the Ecumenical Temple.
  3075 | Temple   | Entered the Ecumenical Temple
  3343 | Temple   | Became a worshipper of Qazlal Stormbringer
  3365 | D:5      | Reached XP level 7. HP: 47/61 MP: 4/6
  3570 | D:5      | Noticed Edmund
  3588 | D:5      | Killed Edmund
  3588 | D:5      | Reached skill level 7 in Axes
  3671 | D:5      | Identified the ring "Toufoob" {MR+ Dex+5 SInv Stlth-} (You
                  | found it on level 4 of the Dungeon)
  4060 | D:6      | Found Nienkosch's Magic Scroll Emporium.
  4068 | D:6      | Bought a scroll of remove curse for 39 gold pieces
  4068 | D:6      | Bought a scroll of teleportation for 39 gold pieces
  4068 | D:6      | Bought a scroll of silence for 97 gold pieces
  4124 | D:6      | Reached skill level 8 in Axes
  4124 | D:6      | Reached XP level 8. HP: 58/68 MP: 7/7
  4143 | D:6      | Reached * piety under Qazlal
  4155 | D:6      | Found a blossoming altar of Fedhas.
  4558 | D:6      | Reached skill level 9 in Axes
  4738 | D:7      | Found the +2 robe of Vines {NoPotionHeal Regen+7}
  4893 | D:7      | Reached skill level 10 in Armour
  4894 | D:7      | Found a hazy altar of Hepliaklqana.
  4913 | D:7      | Reached XP level 9. HP: 54/74 MP: 6/8
  4923 | D:7      | Reached skill level 10 in Axes
  5152 | D:7      | Found a white marble altar of Elyvilon.
  5243 | D:7      | Reached skill level 1 in Invocations
  5372 | D:7      | Found Wiaceh's Armour Shoppe.
  5593 | D:8      | Reached ** piety under Qazlal
  5816 | D:8      | Noticed a green ugly thing
  5825 | D:8      | Reached skill level 11 in Axes
  5829 | D:8      | Killed a green ugly thing
  5841 | D:8      | Noticed a deep elf mage
  5844 | D:8      | Found a sand-covered staircase.
  5850 | D:8      | Noticed a demonic crawler
  5850 | D:8      | Noticed a jumping spider
  5850 | D:8      | Killed a deep elf mage
  5850 | D:8      | Reached skill level 5 in Invocations
  5850 | D:8      | Reached XP level 10. HP: 63/84 MP: 12/12
  5865 | Ossuary  | Entered an ossuary
  6190 | D:8      | Noticed a manticore
  6196 | D:8      | Killed a manticore
  6214 | D:8      | Found a shimmering altar of Xom.
  6361 | D:8      | Noticed a centaur warrior
  6374 | D:8      | Killed a centaur warrior
  6398 | D:8      | Reached skill level 12 in Axes
  6401 | D:8      | Reached *** piety under Qazlal
  6709 | D:8      | Identified Nuleuf's Collected Works on the Helpful Rocks
  7071 | D:9      | Reached **** piety under Qazlal
  7287 | D:9      | Found a burning altar of Makhleb.
  7423 | D:10     | Entered Level 10 of the Dungeon
  7694 | D:10     | Noticed Josephine
  7700 | D:10     | Killed Josephine
  7700 | D:10     | Reached XP level 11. HP: 92/92 MP: 16/16
  7943 | D:10     | Found a staircase to the Lair.
  8199 | D:10     | Noticed a two-headed ogre
  8207 | D:10     | Killed a two-headed ogre
  8424 | D:11     | Noticed an unseen horror
  8429 | D:11     | Killed an unseen horror
  8429 | D:11     | Reached skill level 13 in Axes
  8429 | D:11     | Reached skill level 10 in Invocations
  8496 | D:11     | Reached skill level 1 in Dodging
  8501 | D:11     | Noticed a skeletal warrior
  8505 | D:11     | Noticed a skeletal warrior
  8505 | D:11     | Identified the +5 battleaxe of Fundamental Breach {vamp,
                  | rC+ rN+ Stlth+}
  8505 | D:11     | Noticed a skeletal warrior
  8507 | D:11     | Noticed a skeletal warrior
  8508 | D:11     | Identified the +8 rapier of Prudence {freeze, rF- Int+6}
  8509 | D:11     | Noticed a skeletal warrior
  8512 | D:11     | Noticed a deep elf mage
  8513 | D:11     | HP: 2/92 [skeletal warrior/the +5 battleaxe of Fundamental
                  | Breach {vamp, rC+ rN+ Stlth+} (12)]
  8651 | D:11     | Killed a deep elf mage
  8684 | D:11     | Noticed a five-headed hydra
  8700 | D:11     | Killed a five-headed hydra
  8780 | D:11     | Noticed a centaur warrior
  8791 | D:11     | Killed a centaur warrior
  8804 | D:11     | Reached skill level 5 in Dodging
  8804 | D:11     | Noticed a two-headed ogre
  8813 | D:11     | Killed a two-headed ogre
  9271 | D:11     | Noticed Snorg
  9281 | D:11     | Killed Snorg
  9281 | D:11     | Reached XP level 12. HP: 71/101 MP: 9/18
  9413 | D:11     | Reached skill level 14 in Axes
  9891 | D:11     | Found a staircase to the Orcish Mines.
 10325 | D:12     | Reached ***** piety under Qazlal
 10448 | D:12     | Noticed a two-headed ogre
 10454 | D:12     | Killed a two-headed ogre
 10891 | D:12     | Found a portal to a secret trove of treasure.
 11151 | D:13     | Found Deot's Armour Emporium.
 11209 | D:13     | Reached skill level 10 in Dodging
 11263 | D:13     | Found Nustyewn's Book Shoppe.
 11293 | D:13     | Reached skill level 10 in Fighting
 11354 | D:13     | Found a shadowy altar of Dithmenos.
 11795 | D:14     | Noticed a centaur warrior
 11795 | D:14     | Noticed a centaur warrior
 11795 | D:14     | Noticed a tengu warrior
 11796 | D:14     | Found a runed translucent gate.
 11796 | D:14     | Found a runed translucent gate.
 11796 | D:14     | Found a runed translucent gate.
 11796 | D:14     | Noticed a merfolk javelineer
 11796 | D:14     | Noticed harness's ghost (journeyman TeMo)
 11828 | D:14     | Reached skill level 15 in Axes
 11853 | D:14     | Reached XP level 13. HP: 109/113 MP: 19/19
 12358 | D:14     | Found a gate to the Vaults.
 12791 | D:14     | Found an iron altar of Okawaru.
 12809 | D:15     | Entered Level 15 of the Dungeon
 12821 | D:15     | Reached skill level 16 in Axes
 12830 | D:15     | HP: 5/113 [meliai (illusionary)/divine providence (7)]
 13257 | Lair:1   | Entered Level 1 of the Lair of Beasts
 13834 | Lair:1   | You fall through a shaft!
 14461 | Lair:2   | Found a staircase to the Swamp.
 14650 | Lair:2   | Got a smelly scale mail
 14662 | Lair:2   | Identified the +5 scale mail "Aqesathrioc" {rPois rN+ Dex-5
                  | Slay+6} (You found it on level 2 of the Lair of Beasts)
 15011 | Lair:2   | Reached skill level 17 in Axes
 15270 | Lair:3   | Found a hole to the Spider Nest.
 15459 | Lair:3   | Reached XP level 14. HP: 112/121 MP: 20/22
 15498 | Lair:3   | Got a sparkling pewter ring
 15500 | Lair:3   | Identified the ring "Qoavuhask" {+Fly Str+4} (You found it
                  | on level 3 of the Lair of Beasts)
 15884 | Lair:3   | Reached ****** piety under Qazlal
 16879 | Lair:4   | Found a runed translucent door.
 16879 | Lair:4   | Found a shimmering altar of Xom.
 16879 | Lair:4   | Noticed Doxtoqo's ghost (journeyman DDFi)
 18015 | Lair:6   | Entered Level 6 of the Lair of Beasts
 18957 | Lair:6   | Found a staircase to the Slime Pits.
 19792 | Orc:1    | Entered Level 1 of the Orcish Mines
 19990 | Orc:1    | Found a roughly hewn altar of Beogh.
 20238 | Orc:2    | Entered Level 2 of the Orcish Mines
 20260 | Orc:2    | Reached XP level 15. HP: 56/132 MP: 6/24
 20590 | Orc:2    | Identified a scroll of acquirement
 20782 | Orc:2    | Found a staircase to the Elven Halls.
 21007 | Orc:2    | Noticed an orc warlord
 21009 | Orc:2    | Found a roughly hewn altar of Beogh.
 21024 | Orc:2    | Killed an orc warlord
 21036 | Orc:2    | Killed from afar by a soul eater

Skill      XL: |  1  2  3  4  5  6  7  8  9 10 11 12 13 14 15 |
---------------+----------------------------------------------+-----
Fighting       | 4 5 6 7 8 10 11 12 | 12.0
Axes           | 3 4 5 6 8 9 11 12 13 15 17 | 17.7
Armour         | 4 5 6 8 10 12 | 12.7
Invocations    | 5 9 10 12 13 14 | 14.0
Dodging        | 6 10 11 | 11.0
Shields        | |  3.6

Action                   |  1- 3 |  4- 6 |  7- 9 | 10-12 | 13-15 || total
-------------------------+-------+-------+-------+-------+-------++-------
Melee: War axe           |    71 |   180 |   183 |       |       ||   434
       Headbutt          |     8 |    34 |    64 |   138 |   177 ||   421
       Battleaxe         |       |       |    29 |   518 |   638 ||  1185
       Morningstar       |       |       |       |     7 |       ||     7
Throw: Tomahawk          |       |       |     3 |       |       ||     3
Invok: Upheaval          |       |       |       |     1 |     4 ||     5
       Disaster Area     |       |       |       |       |     3 ||     3
       Elemental Force   |       |       |       |       |     2 ||     2
Evoke: Wand              |       |       |       |       |     1 ||     1
  Use: Scroll            |       |     3 |     5 |    23 |     7 ||    38
       Potion            |       |       |       |     1 |     2 ||     3
 Stab: Distracted        |       |       |       |       |     1 ||     1
       Petrified         |       |       |       |       |     4 ||     4
  Eat: Chunk             |       |     8 |    10 |    18 |    20 ||    56
       Ration            |       |       |       |       |     3 ||     3
Armor: Chain mail        |    31 |    60 |    26 |       |       ||   117
       Scale mail        |     3 |       |       |       |       ||     3
       Plate armour      |       |       |    64 |   195 |   234 ||   493
Dodge: Dodged            |    31 |   104 |    91 |   369 |   345 ||   940
       Deflected         |       |       |       |     8 |    14 ||    22
Block: Shield            |    39 |    94 |   128 |       |       ||   261
       Other             |       |       |     2 |   108 |   211 ||   321
